AoeStats
← ERIKXG20

Arena

510641618Analyzed
4v4 RM · 7h ago on Oct 1, 2026· 14m 43s· 8 players
Game mode
Random Map
Map size
Large (8 player)
Population
200
Speed
Normal
Resources
Standard
Victory
Conquest
Starting age
Dark Age
Ending age
Imperial Age
RankedLock teamsTeams togetherTeam positionsShared explorationLock speedFull tech treeHidden civsTurbo modeCheats
Victory
Defeat
🇺🇸 Italians · United States
967
+15
🇩🇴 Danes · Dominican Republic
957
+15
🇲🇽 Teutons · Mexico
947
+16
🇲🇽 Romans · Mexico
933
+16
🇨🇳 Burgundians · China
985
-17
🇪🇸 Franks · Spain
984
-17
🇺🇸 Turks · United States
967
-16
🇲🇽 Teutons · Mexico
841
-12
INK | Royal Prestige
5:51 Loom
8:43 Feudal Age
9:43 Double-Bit Axe
John Wayne
1:28 Loom
10:11 Feudal Age
13:13 Double-Bit Axe
14:01 Gold Mining
ERIKXG20
3:23 Loom
12:46 Feudal Age
13:34 Double-Bit Axe
Mandark39
9:16 Loom
11:33 Feudal Age
16:26 Castle Age
MuffledViolento
0:26 Loom
14:38 Feudal Age
chefmeza
13:04 Loom
14:50 Feudal Age
Dagobert
开局一片田
Connection lost

Rejoining the realm…

Still unreachable

The connection could not be restored.

Session expired

The server has moved on; the page needs a fresh start.